 Dungeon Crawl Stone Soup version 0.30-a0-1123-gabc949cf19 (webtiles) character file.

Game seed: 13806189256412777734

169 avis the Trooper (level 5, -3/45 HPs)
             Began as a Demigod Transmuter on Apr 22, 2023.
             Slain by a water moccasin (6 damage)
             ... on level 4 of the Dungeon.
             The game lasted 00:20:41 (2652 turns).

avis the Trooper (Demigod Transmuter)               Turns: 2652, Time: 00:20:42

Health: -3/45      AC:  5    Str: 11    XL:     5   Next: 4%
Magic:  8/10       EV: 13    Int: 15    God:
Gold:   148        SH:  0    Dex: 18    Spells: 2/8 levels left

rFire   . . .        a - +1 dagger (venom)
rCold   . . .        (no shield)
rNeg    . . .        c - +0 robe
rPois   .            t - +0 helmet
rElec   .            (no cloak)
rCorr   .            o - +1 Delatra's gloves {ID++}
SInv    .            (no boots)
Will    .....        (no amulet)
Stlth   ++           (no ring)
HPRegen 0.27/turn    (no ring)
MPRegen 0.12/turn

%: no passive effects
@: lethally poisoned (-3 -> -11)
A: high MP 1, forlorn, divine attributes
a: no special abilities


You were on level 4 of the Dungeon.
You visited 1 branch of the dungeon, and saw 4 of its levels.

You collected 148 gold pieces.

Inventory:

Hand Weapons
 a - a +1 dagger of venom (weapon)
 b - a +0 vampiric short sword
 l - a +2 dagger of protection
Missiles
 m - 2 silver javelins
 r - 6 poisoned darts
Armour
 c - a +0 robe (worn)
 o - the +1 Delatra's gloves (worn) {ID++}
   (You found it on level 3 of the Dungeon)

   ID++:      It heals its wearer when they drink unknown potions, and restores
   their MP when they read unknown scrolls.
 t - a +0 helmet (worn)
Jewellery
 p - an amulet of guardian spirit
Wands
 q - a wand of digging (1)
Scrolls
 f - 4 scrolls of teleportation {unknown}
 h - 7 scrolls of identify {unknown}
 i - a scroll of fog {unknown}
 j - 2 scrolls of noise {unknown}
 k - a scroll of enchant armour {unknown}
 s - a scroll of fear {unknown}
Potions
 d - a potion of lignification
 e - 2 potions of brilliance {unknown}
 g - a potion of degeneration {unknown}
 n - a potion of heal wounds {unknown}


   Skills:
 - Level 3.0 Fighting
 * Level 2.4 Dodging
 - Level 3.0 Unarmed Combat
 - Level 2.0 Spellcasting
 - Level 3.0 Transmutations
 - Level 1.0 Poison Magic


You had 2 spell levels left.
You knew the following spells:

 Your Spells              Type           Power      Damage    Failure   Level
a - Beastly Appendage     Tmut           20%        N/A       6%          1
e - Wereblood             Tmut           10%        N/A       10%         2
p - Spider Form           Tmut/Pois      7%         N/A       28%         3

Your spell library contained the following spells:

 Spells                   Type           Power      Damage    Failure   Level
 Ice Form                 Ice/Tmut       6%         N/A       75%         4
 Anguish                  Hex/Necr       0%         N/A       91%         4
 Cause Fear               Hex            0%         N/A       91%         4
 Conjure Ball Lightning   Conj/Air       0%         3x3d6     100%        6
 Enfeeble                 Hex            0%         N/A       100%        7
 Discord                  Hex            0%         N/A       100%        8
 Disjunction              Tloc           0%         N/A       100%        8


Dungeon Overview and Level Annotations

Branches:
Dungeon (4/15)
 Temple: D:4-7

Shops:
D:1 :

Annotations:
D:4 Grinder


Innate Abilities, Weirdness & Mutations

You have an increased reservoir of magic. (+10% MP)
You shall have no god before yourself.
Your divine heritage dramatically boosts your attributes as you level up.


Message History

The water moccasin closely misses you.
You hit the water moccasin.
The water moccasin is heavily wounded.
The water moccasin bites you!
You are poisoned.
The water moccasin poisons you! The water moccasin misses you.
You closely miss the water moccasin.
The water moccasin is heavily wounded.
You feel extremely sick. The water moccasin misses you.
You barely miss the water moccasin.
The water moccasin is heavily wounded.
You feel very sick. The water moccasin misses you.
You hit the water moccasin but do no damage.
The water moccasin is heavily wounded.
You feel very sick. The water moccasin bites you. The water moccasin bites you!
* * * LOW HITPOINT WARNING * * *
You hit the water moccasin.
The water moccasin is heavily wounded.
* * * LOW HITPOINT WARNING * * *
You feel very sick. The water moccasin misses you.
You hit the water moccasin but do no damage.
The water moccasin is heavily wounded.
* * * LOW HITPOINT WARNING * * *
You feel very sick. The water moccasin misses you.
You hit the water moccasin.
The water moccasin is severely wounded.
Your transformation has ended.
Your +1 dagger of venom unmelds from your body.
Your +0 helmet unmelds from your body.
The +1 Delatra's gloves {ID++} unmelds from your body.
Your +0 robe unmelds from your body.
Your +1 dagger of venom begins to drip with poison!
* * * LOW HITPOINT WARNING * * *
You feel sick. The water moccasin bites you.
You die...

#......#
#......#
#......#
#......#
#......#
#......######+#
#..........#
#..<@S.....#
#..........#
#...........
#...........
#...........
#..........#
+..........#
#..........#


You could see a water moccasin.

Vanquished Creatures
  Jessica (D:2)
  Natasha (thrice) (D:2)
  2 worms (D:3)
  5 orcs (D:3)
  5 bats
  4 endoplasms
  5 giant cockroaches
  10 goblins
  5 hobgoblins
  3 ball pythons
  5 frilled lizards
  6 kobolds
  4 rats
58 creatures vanquished.

Vanquished Creatures (others)
  9 toadstools (D:4)
9 creatures vanquished.

Grand Total: 67 creatures vanquished

Notes
Turn   | Place    | Note
-------+----------+-------------------------------------------
     0 | D:1      | avis the Demigod Transmuter began the quest for the Orb.
     0 | D:1      | Reached XP level 1. HP: 15/15 MP: 5/5
    11 | D:1      | Reached skill level 1 in Fighting
   174 | D:1      | Reached XP level 2. HP: 24/24 MP: 7/7
   206 | D:1      | Found Cuaf's Book Boutique.
   832 | D:2      | Noticed Jessica
   845 | D:2      | Reached skill level 1 in Poison Magic
   847 | D:2      | Killed Jessica
   848 | D:2      | Reached XP level 3. HP: 8/30 MP: 8/8
  1376 | D:2      | Noticed Natasha
  1396 | D:2      | Killed Natasha
  1397 | D:2      | Reached XP level 4. HP: 18/38 MP: 7/9
  1401 | D:2      | Learned a level 3 spell: Spider Form
  1404 | D:2      | Learned a level 2 spell: Wereblood
  1405 | D:2      | Noticed Natasha
  1411 | D:2      | Killed Natasha
  1635 | D:2      | Noticed Natasha
  1645 | D:2      | Killed Natasha
  1811 | D:3      | Found the +1 Delatra's gloves {ID++}
  2224 | D:3      | Reached XP level 5. HP: 45/45 MP: 6/10
  2576 | D:4      | Noticed Grinder
  2642 | D:4      | Noticed a water moccasin
  2652 | D:4      | Slain by a water moccasin

Illustrated notes

Levels and vault maps discovered:
D:1:      dpeg_arrival_radiant, layout_rooms, serial_shops, shop_fountains
D:2:      layout_basic, ebering_ecumenical_altar_abandoned, uniq_jessica,
          uniq_natasha
D:3:      layout_loops_cross, mainiacjoe_overflow_catwalk, minmay_fountain_box,
          wad_orctagon
D:4:      cheibrodos_fertilizer, layout_gridville, marbit_many_paths,
          minmay_temple_entry_junction, minmay_crystal_room, minivault_23,
          nicolae_kite_square_tiling_tiny, grunt_ministairs_15, uniq_grinder

Skill      XL: |  1  2  3  4 |
---------------+-------------+-----
Fighting       | 2 3 |  3.0
Dodging        | 2 |  2.4
Spellcasting   | 2 |  2.0
Transmutations | 2 3 |  3.0
Poison Magic   | 1 |  1.0
Unarmed Combat | 3 |  3.0

Action                     |  1- 3 |  4- 6 || total
---------------------------+-------+-------++-------
  Melee: Dagger            |    88 |    24 ||   112
         Headbutt          |     6 |       ||     6
         Kick              |     8 |     5 ||    13
         Unarmed           |     1 |    38 ||    39
         Short sword       |       |     2 ||     2
   Cast: Beastly Appendage |    13 |     4 ||    17
         Spider Form       |       |    10 ||    10
Ability: End Transformatio |       |     1 ||     1
   Stab: Sleeping          |     3 |     1 ||     4
 Armour: Robe              |    13 |     7 ||    20
  Dodge: Dodged            |    64 |    46 ||   110

Table legend: (Time is in decaauts)
 A = Elapsed time spent in this place.
 B = Non-inter-level travel time spent in this place.
 C = Inter-level travel time spent in this place.
 D = Time resting spent in this place.
 E = Time spent auto-exploring this place.
 F = Levels seen in this place.
 G = Mean time per level.
                   A        B        C        D        E       F      G
               +--------+--------+--------+--------+--------+-----+--------+
         Total |   2647 |   2272 |    375 |    231 |   1270 |   4 |  661.8 |
       Dungeon |   2647 |   2272 |    375 |    231 |   1270 |   4 |  661.8 |
               +--------+--------+--------+--------+--------+-----+--------+

Top non-repeatable levels by time:
     D:2: 1091 daAuts
     D:3: 884 daAuts
     D:1: 661 daAuts
     D:4: 11 daAuts
